cohdb
Replays
Latest Replays
All Replays
Popular Replays
Top Player Replays
Match Explorer
How It Works
Community
CoH3 Stats
Reddit
Sign in to upload your games and track your stats! →
Sign in with Steam
Match 41813753
Unlisted
Match 41813753
Overview
Messages
Build Orders
End
Construct Barracks
Selects Advanced Infantry Battlegroup
Riflemen Squad
Riflemen Squad
Riflemen Squad
Infantry Support Center
Grenade Package
Riflemen Squad
Selects Ammunition Storage
Construct Medical Station
Demolitions Package
Advanced Logistics
Construct Weapon Support Center
Bazooka Squad
Bazooka Squad
Munitions Surplus
Selects M2A1 105mm Howitzer Emplacement
Engineer Squad
Improved M9 Bazooka Rockets
Selects 155mm Rapid Artillery Barrage
M1918 Browning Automatic Rifles
Selects Convert to Ranger Squad
Selects Designate Assault Position
Riflemen Squad
CAuMOH
aSIIDemolitionHammer
Kitsuné
Dumais
0
0
Comments
sign in to comment!
No comments posted yet!